 Dungeon Crawl Stone Soup version 0.27-a0-1065-ge809cff456 (webtiles) character file.

Game seed: 1917037695472412998

209 vurker the Magician (level 5, -2/40 HPs)
             Began as a Djinni Air Elementalist on Apr 22, 2021.
             Slain by a bullfrog (8 damage)
             ... in a sewer.
             The game lasted 00:04:16 (3576 turns).

vurker the Magician (Djinni Air Elementalist)       Turns: 3576, Time: 00:04:17

Health: -2/40      AC:  4    Str:  7    XL:     5   Next: 87%
Gold:   75         EV: 12    Int: 19    God:
                   SH:  5    Dex: 14

rFire    + + .     SeeInvis .   e - +0 dagger
rCold    x . .     Faith    .   (no shield)
rNeg     . . .     Spirit   .   a - +0 robe
rPois    ∞         Reflect  +   (no helmet)
rElec    .         Harm     .   (no cloak)
rCorr    .         Rampage  .   (no gloves)
Will     .....                  (boots unavailable)
Stlth    ++........             l - amulet of reflection
HPRegen  0.13/turn              (no ring)
MPRegen  0.00/turn              (no ring)

@: flying
A: fire resistance 2, cold vulnerability 1, float, innate caster, hp casting,
extra vitality 1, claws 1, iridescent scales 1, clever 1
a: no special abilities


You were in a sewer.
You visited 1 branch of the dungeon, and saw 3 of its levels.
You also visited: Sewer.

You collected 75 gold pieces.

Inventory:

Hand Weapons
 e - a +0 dagger (weapon)
   (You took it off a goblin on level 1 of the Dungeon)
Armour
 a - a +0 robe (worn)
Jewellery
 l - an amulet of reflection (around neck)
   (You found it on level 3 of the Dungeon)
Wands
 j - a wand of polymorph (6)
   (You took it off Natasha on level 2 of the Dungeon)
Scrolls
 b - a scroll of identify {unknown}
 d - a scroll of noise {unknown}
 f - a scroll of enchant armour {unknown}
 i - a scroll of teleportation {unknown}
 m - a scroll of immolation {unknown}
Potions
 k - a potion of mutation
 n - a potion of berserk rage {unknown}


   Skills:
 + Level 2.8 Fighting
 - Level 2.1 Dodging
 - Level 1.5 Stealth
 * Level 4.7 Spellcasting


You couldn't memorise any spells.
You knew the following spells:

 Your Spells              Type           Power      Damage    Failure   Level
a - Shock                 Conj/Air       88%        1d8       1%          1
b - Lightning Bolt        Conj/Air       11%        1d24      45%         5
c - Airstrike             Air            11%        N/A       19%         4
d - Swiftness             Air            22%        N/A       5%          3
e - Static Discharge      Conj/Air       22%        N/A       2%          2
f - Foxfire               Conj/Fire      88%        2x1d8     1%          1
g - Ensorcelled Hibernat  Hex/Ice        44%        N/A       2%          2
Your spell library was empty.

Dungeon Overview and Level Annotations

Branches:
Dungeon (3/15)              Sewer (1/1)

Altars:

Shops:
D:3 (


Innate Abilities, Weirdness & Mutations

You are immune to poison.
Your flesh is very heat resistant. (rF++)
You are vulnerable to cold. (rC-)
You float through the air rather than walking.
You learn spells naturally, not from books.
Your magical power is your life essence.
You have superior vitality. (+4 HP)
You have sharp fingernails.
You are partially covered in iridescent scales. (AC +2)
Your mind is acute. (Int +2)


Message History

Nothing appears to happen.
The bullfrog hits you. The bullfrog hits you!
* * * LOW HITPOINT WARNING * * *
The zap misses the bullfrog.
The zap hits the bullfrog.
The zap misses the bullfrog.
* * * LOW HITPOINT WARNING * * *
The bullfrog hits you.
* * * LOW HITPOINT WARNING * * *
The quokka bites you but does no damage.
It was a potion of mutation.
You feel extremely strange.
Your fingernails lengthen.
You feel clever.
Iridescent scales grow over part of your body.
The bullfrog hits you.
* * * LOW HITPOINT WARNING * * *
The quokka misses you.
The bullfrog hits you but does no damage.
It was a potion of heal wounds.
You feel much better. The quokka bites you. The bullfrog misses you.
That beam is likely to hit you.
Continue anyway?
Okay, then.
The zap hits the bullfrog!
The zap misses the bullfrog.
The bullfrog hits you. The quokka closely misses you. The bullfrog hits you. x2
The bullfrog hits you.
* * * LOW HITPOINT WARNING * * *
The bullfrog completely misses you.
Unknown command.
Blink to where?
As you read the scroll labelled BYUTWASOEN, it crumbles to dust.
It was a scroll of blinking.
Your magical contamination has completely faded away.
You see here a frilled lizard corpse.
As you read the scroll labelled ETI PIOTAIHA, it crumbles to dust.
You feel aware of your surroundings.
It was a scroll of magic mapping.
Aim: a bullfrog (moderately wounded, 67% to hit)
The zap hits the bullfrog. x2
* * * LOW HITPOINT WARNING * * *
You block the bullfrog's attack.
Aim: a bullfrog (heavily wounded, 67% to hit)
The zap hits the bullfrog.
The zap hits the bullfrog!
* * * LOW HITPOINT WARNING * * *
The bullfrog misses you. The bullfrog hits you!
* * * LOW HITPOINT WARNING * * *
The bullfrog barely misses you. You block the bullfrog's attack.
The bullfrog barely misses you.
Okay, then.
The bullfrog hits you.
* * * LOW HITPOINT WARNING * * *
The zap misses the bullfrog. x2
* * * LOW HITPOINT WARNING * * *
The bullfrog closely misses you. The bullfrog hits you!
You die...

#≈.#.≈#≈≈.$.≈.,≈#≈≈##≈#†≈#
#≈.#≈≈#≈≈≈F≈≈≈≈≈#≈≈≈#≈#≈≈#
#≈≈#≈≈#≈≈≈≈≈.,≈≈#≈r∩#≈#≈.#
#≈≈#≈≈##≈≈≈,≈,≈##≈.≈#≈#≈≈#
#.≈##≈≈#≈≈≈≈,≈≈#≈≈###≈#†.#
#≈≈≈#≈≈##≈≈≈≈≈##≈.#≈†≈#†.#
##.†#≈≈.##≈≈≈##≈.≈#.≈##.##
#≈.##≈≈≈#####†≈≈##≈≈#≈.#
#≈≈≈#≈≈≈≈.≈@F≈.≈#≈≈≈#.∩#
##≈≈##≈≈≈.≈≈F≈≈##≈†##..#
#...##≈≈≈≈≈≈≈##≈≈.#≈.##
#≈≈≈.###≈≈≈###≈≈≈≈#.≈#
##≈≈≈≈≈#####≈≈≈≈.##∩##
##≈.≈≈≈≈≈≈≈≈..≈#####
##≈≈≈≈≈≈≈.≈.≈##
###≈.≈.≈.≈### #########


You could see 2 bullfrogs.

Vanquished Creatures
  Natasha (thrice) (D:2)
  4 adders
  5 worms
  5 bats
  13 endoplasms
  5 giant cockroaches
  4 goblins
  4 hobgoblins
  11 quokkas (Sewer)
  13 ball pythons
  11 frilled lizards
  2 kobolds
  7 rats
87 creatures vanquished.

Notes
Turn   | Place    | Note
-------+----------+-------------------------------------------
     0 | D:1      | vurker the Djinni Air Elementalist began the quest for the
                  | Orb.
     0 | D:1      | Reached XP level 1. HP: 15/15 MP: 0/0
   500 | D:1      | Reached skill level 3 in Spellcasting
   500 | D:1      | Reached XP level 2. HP: 20/22 MP: 0/0
   758 | D:1      | Reached skill level 1 in Fighting
  1563 | D:2      | Noticed Natasha
  1568 | D:2      | Killed Natasha
  1569 | D:2      | Reached XP level 3. HP: 27/27 MP: 0/0
  1569 | D:2      | Learned a level 1 spell: Foxfire
  1803 | D:2      | Noticed Natasha
  1810 | D:2      | Killed Natasha
  1811 | D:2      | Reached XP level 4. HP: 26/33 MP: 0/0
  2164 | D:2      | Reached skill level 4 in Spellcasting
  2438 | D:2      | Noticed Natasha
  2447 | D:2      | Killed Natasha
  2448 | D:2      | Reached XP level 5. HP: 18/39 MP: 0/0
  2448 | D:2      | Learned a level 2 spell: Ensorcelled Hibernation
  2785 | D:3      | Found Qugec's Antique Weapon Boutique.
  2874 | D:3      | Found a glowing drain.
  2888 | Sewer    | Entered a sewer
  3565 | Sewer    | Gained mutation: You have sharp fingernails. [potion of
                  | mutation]
  3565 | Sewer    | Gained mutation: Your mind is acute. (Int +2) [potion of
                  | mutation]
  3565 | Sewer    | Gained mutation: You are partially covered in iridescent
                  | scales. (AC +2) [potion of mutation]
  3576 | Sewer    | Slain by a bullfrog

Illustrated notes

Levels and vault maps discovered:
D:1:      nzn_arrival_settlement, layout_loops_corners, minmay_domino_2
D:2:      layout_rooms, grunt_decor_arrowhead, minmay_ruptured, uniq_natasha
D:3:      layout_basic, elyvilon_altar_3, portal_sewer_entry_e, serial_shops,
          nicolae_shop_crystal, shop, nicolae_shop_trees
Sewer:    sewer_frog_island_02

Skill      XL: |  1  2  3  4 |
---------------+-------------+-----
Spellcasting   | 3 4 |  4.7
Fighting       | 1 2 |  2.8
Dodging        | |  2.1
Stealth        | |  1.5

Action                   |  1- 3 |  4- 6 || total
-------------------------+-------+-------++-------
Melee: Dagger            |       |     1 ||     1
 Cast: Shock             |    62 |   131 ||   193
  Use: Scroll            |       |     2 ||     2
       Potion            |       |     2 ||     2
Armor: Robe              |       |     5 ||     5
Dodge: Dodged            |     6 |    21 ||    27
Block: Other             |       |     6 ||     6

Table legend: (Time is in decaauts)
 A = Elapsed time spent in this place.
 B = Non-inter-level travel time spent in this place.
 C = Inter-level travel time spent in this place.
 D = Time resting spent in this place.
 E = Time spent auto-exploring this place.
 F = Levels seen in this place.
 G = Mean time per level.
                   A        B        C        D        E       F      G
               +--------+--------+--------+--------+--------+-----+--------+
         Total |   3575 |   3530 |     45 |      0 |   3190 |   4 |  893.8 |
       Dungeon |   2888 |   2843 |     45 |      0 |   2618 |   3 |  962.7 |
         Sewer |    687 |    687 |      0 |      0 |    572 |   1 |  687.0 |
               +--------+--------+--------+--------+--------+-----+--------+

Top non-repeatable levels by time:
     D:1: 1534 daAuts
     D:2: 1105 daAuts
   Sewer: 687 daAuts
     D:3: 248 daAuts
